 Dungeon Crawl Stone Soup version 0.30-a0-414-gcb316572d5 (webtiles) character file.

Game seed: 14079600132949677011

846 McMuffin the Covered (level 8, 0/68 HPs)
             Began as a Hill Orc Fighter on Dec 8, 2022.
             Was a Follower of Beogh.
             Killed by divine providence
             ... invoked by an orc priest
              (12 damage)
             ... on level 8 of the Dungeon.
             The game lasted 00:15:28 (2249 turns).

McMuffin the Covered (Hill Orc Fighter)             Turns: 2249, Time: 00:15:28

Health: 0/68       AC: 17    Str: 21    XL:     8   Next: 0%
Magic:  8/8        EV:  6    Int:  8    God:    Beogh [*.....]
Gold:   90         SH:  4    Dex: 10    Spells: 7/7 levels left

rFire   . . .      SeeInvis .    m - +0 mace (protect)
rCold   . . .      Faith    .    c - +0 buckler
rNeg    . . .      Spirit   .    f - +0 plate armour
rPois   .          Reflect  .    (no helmet)
rElec   .          Harm     .    (no cloak)
rCorr   .          Rampage  .    h - +2 pair of gloves
Will    .....                    u - +0 pair of boots {Fly}
Stlth   ..........               (no amulet)
HPRegen 0.31/turn                (no ring)
MPRegen 0.11/turn                (no ring)

@: lethally poisoned (0 -> -16), flying
A: no striking features
a: Renounce Religion


You were on level 8 of the Dungeon.
You worshipped Beogh.
Beogh was aware of your devotion.
You visited 1 branch of the dungeon, and saw 8 of its levels.

You collected 240 gold pieces.
You spent 150 gold pieces at shops.

Inventory:

Hand Weapons
 a - a +0 war axe
 m - a +0 mace of protection (weapon)
 o - a +1 dire flail of holy wrath
Missiles
 j - 11 poisoned darts
 s - 2 javelins (quivered)
Armour
 b - a +0 scale mail
 c - a +0 buckler (worn)
 f - a +0 plate armour (worn)
 h - a +2 pair of gloves (worn)
 u - a +0 pair of boots of flying (worn)
Wands
 n - a wand of flame (27)
Scrolls
 p - a scroll of blinking
 q - a scroll of amnesia
 t - a scroll of poison
Potions
 e - 2 potions of mutation
 g - 2 potions of resistance
 i - 4 potions of curing {unknown}
 k - a potion of heal wounds {unknown}
 l - a potion of magic


   Skills:
 + Level 5.2 Fighting
 + Level 5.4(6.6) Axes
 + Level 4.8(5.7) Maces & Flails
 + Level 5.8 Armour
 + Level 0.7 Dodging
 + Level 0.4 Stealth
 + Level 4.4 Shields
 + Level 0.1 Evocations


You had 7 spell levels left.
You didn't know any spells.
Your spell library contained the following spells:

 Spells                   Type           Power      Damage    Failure   Level
 Scorch                   Fire           0%         2d5       100%        2
 Flame Wave               Conj/Fire      0%         2d4       100%        4
 Summon Cactus Giant      Summ           0%         N/A       100%        6


Dungeon Overview and Level Annotations

Branches:
Dungeon (8/15)
 Temple: D:4-7         Lair: D:8-11

Altars:
Uskayaw

Shops:
D:7 [


Message History

The bullfrog hits you but does no damage.
The orc priest hits you but does no damage.
You are poisoned.
You hit the bullfrog.
The bullfrog is severely wounded.
You feel sick. The bullfrog hits you.
The orc priest hits you but does no damage.
You are more poisoned.
The bullfrog hits you.
You hit the bullfrog.
The bullfrog is severely wounded.
You feel very sick. You block the bullfrog's attack.
An orc comes into view. It is wielding a +0 falchion.
The orc priest hits you with a +0 dagger of venom.
You are more poisoned.
The bullfrog closely misses you.
You feel very sick.
The orc priest hits you but does no damage.
You feel very sick.
The orc priest hits you but does no damage.
You are more poisoned.
The orc priest attacks as you move away!
The orc priest hits you but does no damage.
You are more poisoned.
The orc priest attacks as you move away!
The orc priest hits you but does no damage.
You feel extremely sick.
The orc priest attacks as you move away!
The orc priest hits you but does no damage.
You feel very sick.
The orc priest calls down the wrath of Beogh upon you.
Beogh smites you!
* * * LOW HITPOINT WARNING * * *
* * * LOW HITPOINT WARNING * * *
You feel very sick.
The orc priest calls down the wrath of Beogh upon you.
Beogh smites you!
You die...
Beogh appreciates the orc priest's killing of a heretic priest.

....##### ##.###.##.##.###
#.....### #.# #.....#...#
###...####.####..[.....#####
#...#....................))##
#...#######...#........#..)..
#.....(.......[........##.).#
#......######..........####..
######....###o.........#..<..
####...@oF..######..####
######Y#........# #........
.. .Y.###### #.... #.###. #Y
.# YY # .o


You could see a yak, a bullfrog and 2 orc priests.

Vanquished Creatures
  Edmund (D:4)
  An orc warrior (D:7)
  A sky beast (D:8)
  A kobold brigand (D:8)
  2 bullfrogs (D:7)
  2 scorpions (D:5)
  An orc priest (D:8)
  2 iguanas
  2 orc wizards
  3 adders
  A worm (D:2)
  2 dart slugs
  9 orcs
  A bat (D:2)
  5 endoplasms
  3 giant cockroaches
  4 goblins
  2 hobgoblins
  8 kobolds
  2 quokkas
  4 ball pythons
  A frilled lizard (D:2)
  2 rats
60 creatures vanquished.

Vanquished Creatures (others)
  A hound (D:5)
  A jelly (D:5)
  An orc wizard (D:7)
  An orc (D:5)
4 creatures vanquished.

Grand Total: 64 creatures vanquished

Notes
Turn   | Place    | Note
-------+----------+-------------------------------------------
     0 | D:1      | McMuffin the Hill Orc Fighter began the quest for the Orb.
     0 | D:1      | Reached XP level 1. HP: 19/19 MP: 1/1
   234 | D:2      | Reached XP level 2. HP: 26/27 MP: 2/2
   328 | D:2      | Noticed a scorpion
   497 | D:2      | Reached XP level 3. HP: 31/33 MP: 3/3
   808 | D:4      | Reached XP level 4. HP: 30/40 MP: 4/4
   979 | D:4      | Noticed Edmund
   995 | D:4      | Killed Edmund
   996 | D:4      | Reached skill level 1 in Maces & Flails
   996 | D:4      | Reached XP level 5. HP: 28/47 MP: 5/5
  1102 | D:5      | Entered Level 5 of the Dungeon
  1121 | D:5      | Became a worshipper of Beogh the Brigand
  1139 | D:5      | Reached skill level 5 in Axes
  1146 | D:5      | Reached XP level 6. HP: 16/53 MP: 6/6
  1223 | D:5      | Found a hide-covered altar of Uskayaw.
  1489 | D:7      | Reached XP level 7. HP: 59/60 MP: 7/7
  1526 | D:7      | Found Firroqo's Antique Armour Shop.
  1591 | D:7      | Bought a pair of glowing boots for 150 gold pieces
  1648 | D:7      | Reached skill level 5 in Fighting
  1656 | D:7      | Reached skill level 5 in Armour
  1977 | D:8      | Reached * piety under Beogh
  1978 | D:8      | Reached XP level 8. HP: 13/68 MP: 8/8
  2238 | D:8      | Noticed a yak
  2238 | D:8      | Noticed a yak
  2239 | D:8      | Noticed a yak
  2239 | D:8      | Noticed a yak
  2241 | D:8      | Noticed a yak
  2249 | D:8      | Killed from afar by an orc priest

Illustrated notes

Levels and vault maps discovered:
D:1:      erik_arrival_orb_chamber, layout_basic
D:2:      layout_basic, basic_ecumenical_altar, item_on_display_a
D:3:      layout_rooms, minmay_cupped, uniq_crazy_yiuf_cottage
D:4:      layout_rooms, uniq_edmund
D:5:      layout_rooms, lemuel_round_altar
D:6:      layout_cave_pools, temple_hall
D:7:      layout_loops_ring, serial_shops, nicolae_shop_window_shopping,
          uniq_duvessa
D:8:      layout_rooms

Skill      XL: |  1  2  3  4  5  6  7 |
---------------+----------------------+-----
Fighting       | 4 5 |  5.2
Axes           | 3 4 5 |  5.4
Armour         | 4 5 |  5.8
Maces & Flails | 1 2 3 4 |  4.8
Shields        | 4 |  4.4
Dodging        | |  0.7
Stealth        | |  0.4
Evocations     | |  0.1

Action                   |  1- 3 |  4- 6 |  7- 9 || total
-------------------------+-------+-------+-------++-------
Melee: War axe           |    73 |     7 |       ||    80
       Mace              |       |   113 |    79 ||   192
Throw: Javelin           |       |       |     4 ||     4
Invok: Convert to Beogh  |       |     1 |       ||     1
Evoke: Wand              |       |       |     1 ||     1
  Use: Scroll            |     2 |     5 |       ||     7
       Potion            |       |       |     2 ||     2
Armor: Plate armour      |    51 |   105 |    85 ||   241
       Scale mail        |     1 |       |       ||     1
       Skin              |       |       |     1 ||     1
Dodge: Dodged            |    21 |    29 |    20 ||    70
Block: Buckler           |    15 |    26 |    13 ||    54

Table legend: (Time is in decaauts)
 A = Elapsed time spent in this place.
 B = Non-inter-level travel time spent in this place.
 C = Inter-level travel time spent in this place.
 D = Time resting spent in this place.
 E = Time spent auto-exploring this place.
 F = Levels seen in this place.
 G = Mean time per level.
                   A        B        C        D        E       F      G
               +--------+--------+--------+--------+--------+-----+--------+
         Total |   2325 |   2307 |     18 |    373 |      0 |   8 |  290.6 |
       Dungeon |   2325 |   2307 |     18 |    373 |      0 |   8 |  290.6 |
               +--------+--------+--------+--------+--------+-----+--------+

Top non-repeatable levels by time:
     D:2: 519 daAuts
     D:8: 442 daAuts
     D:4: 395 daAuts
     D:5: 373 daAuts
     D:7: 350 daAuts
     D:3: 121 daAuts
     D:1: 108 daAuts
     D:6: 13 daAuts
